 Dungeon Sprint DCSS version 0.27-a0-1147-gb3d8e82157 (webtiles) character file.

Game seed: 2883040555900416177

2712 Zeld the Zephyrmancer (level 9, -14/67 HPs)
             Began as an Octopode Air Elementalist on May 11, 2021.
             Was an Elder of Sif Muna.
             Collided with an unnaturally hard rock wall (18 damage)
             ... caused by a deep elf knight
             ... in the Dungeon (Sprint V: "Ziggurat Sprint").
             The game lasted 00:04:02 (997 turns).

Zeld the Zephyrmancer (Octopode Air Elementalist)    Turns: 997, Time: 00:04:04

Health: -14/67     AC:  1    Str:  7    XL:     9   Next: 66%
Magic:  1/22       EV: 22    Int: 38    God:    Sif Muna [****..]
Gold:   0          SH:  0    Dex: 17    Spells: 14/26 levels left

rFire    + . .     SeeInvis +   (no weapon)
rCold    . . .     Faith    .   (no shield)
rNeg     + . .     Spirit   .   (helmet restricted)
rPois    .         Reflect  .   (no amulet)
rElec    .         Harm     .   w - +6 ring of intelligence
rCorr    .         Rampage  .   v - +6 ring of intelligence
Will     .....     NoTele   +   z - ring of Asuvyryn {rN+ SInv Stlth+}
Stlth    ++++......             t - ring "Geedaiz" {EV+4 Int+6 Dex+4}
HPRegen  0.21/turn              g - ring of protection from fire
MPRegen  0.18/turn              (no ring)
                                (no ring)
                                (no ring)

@: studying Staves
A: almost no armour, amphibious, 8 rings, camouflage 1, gelatinous body 1,
(nimble swimmer 1), tentacles
a: Renounce Religion, Channel Magic, Forget Spell, Divine Exegesis


You were in the Dungeon.
You worshipped Sif Muna.
Sif Muna was greatly pleased with you.
You visited 1 branch

Inventory:

Armour
 a - a +3 buckler
 h - a +3 kite shield
 i - a +3 tower shield
Jewellery
 g - a ring of protection from fire (on tentacle)
 t - the ring "Geedaiz" (on tentacle) {EV+4 Int+6 Dex+4}
   (You found it in the Dungeon)

   [ring of evasion]

   It affects your evasion (+4).
   It affects your intelligence (+6).
   It affects your dexterity (+4).
 v - a +6 ring of intelligence (right tentacle)
 w - a +6 ring of intelligence (left tentacle)
 z - the ring of Asuvyryn (on tentacle) {rN+ SInv Stlth+}
   (You found it in the Dungeon)

   [ring of see invisible]

   It protects you from negative energy.
   It lets you see invisible.
   It makes you more stealthy.
Wands
 s - a wand of mindburst (7)
 u - a wand of acid (7)
Scrolls
 m - 4 scrolls of amnesia
 o - 7 scrolls of fog
 p - a scroll of holy word
 q - 5 scrolls of identify
 r - 2 scrolls of fear
Potions
 b - 10 potions of curing
 c - 4 potions of heal wounds
 d - 6 potions of haste
 e - 4 potions of magic
 f - 3 potions of berserk rage
 j - 2 potions of brilliance
 k - 2 potions of invisibility
 l - 4 potions of resistance
 n - 5 potions of might
Miscellaneous
 x - a lightning rod (4/4)
 y - a lightning rod (4/4)


   Skills:
 + Level 8.8 Fighting
 + Level 9.1 Dodging
 - Level 2.6 Stealth
 + Level 9.2 Spellcasting
 - Level 1.0 Conjurations
 * Level 13.6 Air Magic
 - Level 7.6 Invocations


You had 14 spell levels left.
You knew the following spells:

 Your Spells              Type           Power      Damage    Failure   Level
a - Shock                 Conj/Air       100%       1d9       1%          1
b - Static Discharge      Conj/Air       65%        N/A       1%          2
c - Airstrike             Air            44%        N/A       1%          4
d - Lightning Bolt        Conj/Air       32%        1d50      3%          5

Your spell library contained the following spells:

 Spells                   Type           Power      Damage    Failure   Level
 Swiftness                Air            88%        N/A       1%          3
 Iskenderun's Battlesphe  Conj           25%        2d8       38%         5
 Bolt of Magma            Conj/Fire/Erth 10%        4d7       47%         5
 Iron Shot                Conj/Erth      10%        9d3       95%         6
 Orb of Destruction       Conj           12%        9d6       100%        7
 Spellforged Servitor     Conj/Summ      10%        N/A       100%        7


Dungeon Overview and Level Annotations

Branches:
Dungeon (1/1)

Altars:
Ashenzari
Cheibriados
Dithmenos
Elyvilon
Fedhas
Gozag
Hepliaklqana
Kikubaaqudgha
Makhleb
Nemelex Xobeh
Okawaru
Qazlal
Ru
Sif Muna
Trog
Uskayaw
Vehumet
Wu Jian
Xom
Yredelemnul
Zin
The Shining One
Beogh
Jiyva
Lugonu

Annotations:
D 1 transporter


Innate Abilities, Weirdness & Mutations

You cannot wear most types of armour.
You are amphibious.
You can wear up to eight rings at the same time.
Your skin changes colour to match your surroundings (Stealth+).
Your rubbery body absorbs attacks. (AC +1, EV +1)
((You are camouflaged near water. (Stealth+)))
You have tentacles for arms and can constrict up to eight enemies at once.


Message History

The bolt of lightning hits the orc sorcerer!!
You kill the orc sorcerer!
Sif Muna accepts your kill.
The bolt of lightning hits the deep elf archer!
The deep elf archer is almost dead.
You are covered in liquid flames!
The deep elf pyromancer casts a spell.
The deep elf pyromancer blinks!
The deep elf zephyrmancer mumbles some strange words.
The deep elf zephyrmancer blinks!
Your Fighting skill increases to level 8!
Your Air Magic skill increases to level 13!
Unknown command.
Casting: Lightning Bolt (dangerous; 3% risk of failure)
Confirm with . or Enter, or press ? or * to list all spells.
Aiming: Lightning Bolt (dangerous; 3% risk of failure)
Press: ? - help, Shift-Dir - straight line, p - deep elf archer You hear a mighty clap of thunder!
The bolt of lightning misses the deep elf knight.
The bolt of lightning hits the deep elf archer!!
You kill the deep elf archer!
Sif Muna accepts your kill.
You can now call upon Sif Muna to cast any spell from your library.
You are covered in liquid flames!
The deep elf knight gestures at you while chanting.
The shard of ice hits you!!
Ouch! That really hurt!
* * * LOW HITPOINT WARNING * * *
Your Dodging skill increases to level 9!
Your Spellcasting skill increases to level 9!
Press: ? - help, v - describe, . - travel
Here: a deep elf knight, wielding a +1 morningstar of holy wrath and wearing a +0 ring mail The floor.
You feel much better.
The deep elf knight gestures at you while chanting.
The lance of force hits you!!
* * * LOW HITPOINT WARNING * * *
You are knocked back by the lance of force.
You slam into the unnaturally hard rock wall!
You die...

▓..©..▓..©..▓▓▓▓▓▓▓
▓▓▓▓▓▓▓▓▓▓▓▓▓▓▓▓▓▓▓
▓..8©8...▓..8©8...▓
▓...[....▓..))}...▓
▓...|....▓..[.....▓
▓........▓...|....▓
▓........▓...e.e..▓
▓.▓....▓.▓.....e..▓
▓...©....▓...@....▓
▓▓▓▓▓▓▓▓▓▓▓▓▓▓▓▓▓▓▓


You could see a deep elf knight, a deep elf pyromancer and a deep elf
zephyrmancer.

Vanquished Creatures
  A deep elf archer (D)
  An orc sorcerer (D)
  4 toenail golems (D)
  A jumping spider (D)
  2 tarantellas (D)
  2 quasits (D)
  An iron imp (D)
  An adder (D)
  A ball python (D)
  A bat zombie (D)
15 creatures vanquished.

Notes
Turn   | Place    | Note
-------+----------+-------------------------------------------
     0 | D        | Zeld the Octopode Air Elementalist began the quest for the
                  | Orb.
     0 | D        | Reached XP level 1. HP: 11/11 MP: 3/3
     2 | D        | Found a blossoming altar of Fedhas.
     3 | D        | Found the +6 Majin-Bo {vamp, MP+6 Int+6}
     3 | D        | Found the +9 heavy crossbow "Sniper" {vorpal, Acc+∞ SInv}
     3 | D        | Found the +10 dark maul {vorpal}
     3 | D        | Found the +15 Maxwell's patent armour {-Cast -Tele rElec
                  | Will+ rCorr}
     3 | D        | Found the +18 shield of the Gong {rElec rN+ Will+ EV-5}
     3 | D        | Found the +14 obsidian axe {vorpal, Drain Fly SInv}
     3 | D        | Found the +7 great mace "Firestarter" {inner flame, rF++}
     3 | D        | Found the +6 shillelagh "Devastator" {shatter}
     3 | D        | Found the +11 plutonium sword {Contam Stlth-}
     3 | D        | Found the +8 lance "Wyrmbane" {slay drac, rPois rF+ rC+
                  | AC+3}
     3 | D        | Found the +9 sword of Zonguldrok {reap}
     3 | D        | Found the +13 scythe of Curses {drain, Drain}
     3 | D        | Found the +5 sword of Power {vorpal}
     3 | D        | Found the +7 mace of Variability {chain chaos}
     3 | D        | Found the +7 Singing Sword {vorpal, sonic wave}
     3 | D        | Found the +8 storm bow {elec, penet}
     6 | D        | Found a shimmering blue altar of Sif Muna.
     6 | D        | Found a sacrificial altar of Ru.
     6 | D        | Found a bloodstained altar of Trog.
     6 | D        | Found a stormy altar of Qazlal.
     6 | D        | Found an iron altar of Okawaru.
     6 | D        | Found a sparkling altar of Nemelex Xobeh.
     8 | D        | Reached skill level 6 in Air Magic
     8 | D        | Reached XP level 2. HP: 17/17 MP: 4/7
     9 | D        | Found a transporter.
     9 | D        | Found an ancient bone altar of Kikubaaqudgha.
     9 | D        | Found a viscous altar of Jiyva.
     9 | D        | Found a corrupted altar of Lugonu.
     9 | D        | Found a hazy altar of Hepliaklqana.
     9 | D        | Found a burning altar of Makhleb.
     9 | D        | Found an opulent altar of Gozag.
    31 | D        | Became a worshipper of Sif Muna the Loreminder
    35 | D        | Learned a level 2 spell: Static Discharge
    85 | D        | Entered arena 2.
    85 | D        | Found a transporter.
    89 | D        | Reached skill level 1 in Invocations
   250 | D        | Entered arena 3.
   250 | D        | Noticed a tarantella
   250 | D        | Noticed a jumping spider
   250 | D        | Noticed a tarantella
   250 | D        | Found a transporter.
   253 | D        | Killed a tarantella
   253 | D        | Reached * piety under Sif Muna
   253 | D        | Killed a tarantella
   254 | D        | Reached skill level 5 in Spellcasting
   254 | D        | Reached skill level 9 in Air Magic
   254 | D        | Reached XP level 3. HP: 27/27 MP: 8/10
   254 | D        | Reached XP level 4. HP: 33/33 MP: 8/11
   254 | D        | Reached XP level 5. HP: 37/37 MP: 9/13
   254 | D        | Reached XP level 6. HP: 43/43 MP: 9/14
   256 | D        | Killed a jumping spider
   257 | D        | Reached skill level 5 in Dodging
   257 | D        | Reached XP level 7. HP: 49/49 MP: 7/16
   274 | D        | Learned a level 4 spell: Airstrike
   280 | D        | Learned a level 5 spell: Lightning Bolt
   576 | D        | Entered arena 4.
   576 | D        | Found a transporter.
   577 | D        | Reached ** piety under Sif Muna
   580 | D        | Reached skill level 5 in Fighting
   580 | D        | Reached skill level 10 in Air Magic
   690 | D        | Got the ring "Geedaiz" {EV+4 Int+6 Dex+4}
   694 | D        | Got the ring of Asuvyryn {rN+ SInv Stlth+}
   790 | D        | Entered arena 5.
   790 | D        | Noticed a toenail golem
   790 | D        | Noticed a toenail golem
   790 | D        | Noticed a toenail golem
   790 | D        | Noticed a toenail golem
   790 | D        | Found a transporter.
   813 | D        | Killed a toenail golem
   813 | D        | Reached *** piety under Sif Muna
   814 | D        | Reached skill level 11 in Air Magic
   814 | D        | Reached XP level 8. HP: 27/57 MP: 9/18
   817 | D        | Killed a toenail golem
   827 | D        | Killed a toenail golem
   828 | D        | Reached skill level 12 in Air Magic
   850 | D        | Killed a toenail golem
   851 | D        | Reached XP level 9. HP: 37/66 MP: 10/21
   992 | D        | Entered arena 6.
   992 | D        | Noticed a deep elf archer
   992 | D        | Noticed a deep elf knight
   992 | D        | Noticed an orc sorcerer
   992 | D        | Noticed a deep elf zephyrmancer
   992 | D        | Noticed a deep elf pyromancer
   992 | D        | Found a transporter.
   993 | D        | Identified the +1 troll leather armour of Weirdness {Regen+
                  | SInv}
   995 | D        | Killed an orc sorcerer
   996 | D        | Reached skill level 13 in Air Magic
   996 | D        | Killed a deep elf archer
   996 | D        | Reached **** piety under Sif Muna
   997 | D        | Collided with an unnaturally hard rock wall

Illustrated notes

Levels and vault maps discovered:
D:        sprint_v [room_start, room_1, room_2, room_3, room_4, room_5, room_6,
          room_7, room_8, room_9, room_10, room_11, room_12, room_13, room_14,
          room_15, room_16, room_17, room_18, room_19, room_20, room_21,
          room_22, room_23, room_24, room_25, room_26, room_27]

Skill      XL: |  1  2  3  4  5  6  7  8  9 |
---------------+----------------------------+-----
Spellcasting   | 4 5 6 7 8 9 |  9.2
Air Magic      | 6 9 11 12 13 | 13.6
Invocations    | 6 7 |  7.6
Fighting       | 4 6 7 8 |  8.8
Dodging        | 4 5 6 8 9 |  9.1
Stealth        | |  2.6
Conjurations   | |  1.0

Action                   |  1- 3 |  4- 6 |  7- 9 || total
-------------------------+-------+-------+-------++-------
Melee: Unarmed           |       |       |    13 ||    13
       Constrict         |       |       |     1 ||     1
       Tentacles         |       |       |     5 ||     5
 Cast: Shock             |     3 |       |     2 ||     5
       Static Discharge  |       |     1 |     2 ||     3
       Lightning Bolt    |       |       |    30 ||    30
Invok: Channel Magic     |       |       |     3 ||     3
Evoke: Wand              |     3 |     2 |     2 ||     7
       Lightning rod     |       |       |     6 ||     6
  Use: Potion            |     1 |       |     9 ||    10
       Scroll            |       |       |     4 ||     4
Armor: Skin              |       |       |     2 ||     2
Dodge: Dodged            |       |       |    42 ||    42

Table legend: (Time is in decaauts)
 A = Elapsed time spent in this place.
 B = Non-inter-level travel time spent in this place.
 C = Inter-level travel time spent in this place.
 D = Time resting spent in this place.
 E = Time spent auto-exploring this place.
 F = Levels seen in this place.
 G = Mean time per level.
                   A        B        C        D        E       F      G
               +--------+--------+--------+--------+--------+-----+--------+
         Total |    994 |    994 |      0 |    800 |      0 |   1 |  994.0 |
       Dungeon |    994 |    994 |      0 |    800 |      0 |   1 |  994.0 |
               +--------+--------+--------+--------+--------+-----+--------+

Top non-repeatable levels by time:
       D: 994 daAuts
